 Dungeon Crawl Stone Soup version 0.27-a0-1525-g1038ab4fd7 (webtiles) character file.

Game seed: 15714088991069868155

3601 ipx the Frost Mage (level 9, -13/57 HPs)
             Began as a Vampire Ice Elementalist on July 10, 2021.
             Was a Follower of Dithmenos.
             Mangled by a large slime creature (23 damage)
             ... on level 8 of the Dungeon.
             The game lasted 00:47:44 (2627 turns).

ipx the Frost Mage (Vampire Ice Elementalist)       Turns: 2627, Time: 00:47:45

Health: -13/57     AC: 13    Str:  7    XL:     9   Next: 85%
Magic:  5/12       EV: 17    Int: 20    God:    Dithmenos [*.....]
Gold:   82         SH:  5    Dex: 15    Spells: 2/12 levels left

rFire    . . .     SeeInvis +   a - +4 short sword
rCold    . . .     Faith    .   p - +0 buckler
rNeg     . . .     Spirit   .   z - +3 leather armour
rPois    .         Reflect  .   (no helmet)
rElec    .         Harm     .   r - +0 cloak
rCorr    .         Rampage  .   (no gloves)
Will     .....                  (no boots)
Stlth    +++.......             (no amulet)
HPRegen  0.39/turn              E - +4 ring of evasion
MPRegen  0.13/turn              (no ring)

@: ice-armoured, healing quickly, wreathed by umbra
A: alive, fangs 3, see invisible, vampiric 2
a: Exsanguinate, Renounce Religion


You were on level 8 of the Dungeon.
You worshipped Dithmenos.
Dithmenos was aware of your devotion.
You visited 1 branch of the dungeon, and saw 8 of its levels.

You collected 257 gold pieces.
You spent 175 gold pieces at shops.

Inventory:

Hand Weapons
 a - a +4 short sword (weapon)
 b - a +0 rapier of speed
Missiles
 d - a curare-tipped dart (quivered)
 k - 19 poisoned darts
 A - 10 boomerangs of dispersal
Armour
 h - a +0 robe
 j - a scarf of shadows
 p - a +0 buckler (worn)
 r - a +0 cloak (worn)
 z - a +3 leather armour (worn)
Magical Staves
 t - a staff of fire
Jewellery
 n - an amulet of guardian spirit
 w - a ring of wizardry
 E - a +4 ring of evasion (left hand)
Wands
 q - a wand of paralysis (7)
 B - a wand of iceblast (6)
Scrolls
 f - 3 scrolls of identify {unknown}
 g - a scroll of amnesia {unknown}
 i - a scroll of silence {unknown}
 l - 2 scrolls of noise {unknown}
 m - 2 scrolls of magic mapping {unknown}
 o - a scroll of enchant weapon {unknown}
 s - 3 scrolls of teleportation {unknown}
Potions
 c - a potion of curing {unknown}
 e - a potion of mutation {unknown}
 u - a potion of heal wounds {unknown}
 x - a potion of lignification {unknown}
 y - 2 potions of invisibility


   Skills:
 - Level 6.0 Short Blades
 + Level 4.7 Dodging
 - Level 4.0 Stealth
 - Level 4.0 Shields
 - Level 2.0 Spellcasting
 - Level 4.0 Hexes
 + Level 11.5 Ice Magic


You had 2 spell levels left.
You knew the following spells:

 Your Spells              Type           Power      Damage    Failure   Level
a - Apportation           Tloc           4%         N/A       24%         1
f - Frozen Ramparts       Ice            96%        1d11      1%          3
h - Ensorcelled Hibernat  Hex/Ice        66%        N/A       1%          2
o - Ozocubu's Armour      Ice            48%        N/A       1%          3
z - Freeze                Ice            100%       1d11      1%          1

Your spell library contained the following spells:

 Spells                   Type           Power      Damage    Failure   Level
 Corona                   Hex            20%        N/A       4%          1
 Animate Skeleton         Necr           4%         N/A       24%         1
 Magic Dart               Conj           8%         1d3       24%         1
 Summon Small Mammal      Summ           8%         N/A       24%         1
 Searing Ray              Conj           4%         3d3       34%         2
 Tukima's Dance           Hex            18%        N/A       14%         3
 Hailstorm                Conj/Ice       25%        3d7       22%         4
 Ignite Poison            Fire/Tmut/Pois 2%         N/A       56%         3
 Mephitic Cloud           Conj/Pois/Air  2%         N/A       56%         3
 Fulminant Prism          Conj/Hex       5%         3d7       71%         4
 Bolt of Magma            Conj/Fire/Erth 1%         4d4       100%        5


Dungeon Overview and Level Annotations

Branches:
Dungeon (8/15)
 Temple: D:4-7         Lair: D:8-11

Altars:
Cheibriados
Dithmenos
Okawaru
Ru
Uskayaw

Shops:
D:2 (   D:3 [(

Annotations:
D:8 2 transporters, raph's ghost, novice MiGl


Innate Abilities, Weirdness & Mutations

Your natural rate of healing is accelerated.
You have razor-sharp teeth.
You have supernaturally acute eyesight. (SInv)
You are afflicted with vampirism and can become a bat while bloodless.


Message History

The wall freezes the large slime creature.
The large slime creature hits you!!
Ouch! That really hurt!
You hit the large slime creature.
The large slime creature is heavily wounded.
The wall freezes the large slime creature!
The large slime creature closely misses you.
You hit the large slime creature.
You bite the large slime creature, but do no damage.
The large slime creature is heavily wounded.
The wall freezes the large slime creature!
You block the large slime creature's attack.
You hit the large slime creature.
The large slime creature is severely wounded.
You hit the large slime creature.
The large slime creature is severely wounded.
The wall freezes the large slime creature.
The large slime creature hits you!
* * * LOW HITPOINT WARNING * * *
You hit the large slime creature.
You bite the large slime creature, but do no damage.
The large slime creature is severely wounded.
The wall freezes the large slime creature.
The large slime creature jiggles.
The large slime creature barely misses you.
You hit the large slime creature.
The large slime creature is severely wounded.
The wall freezes the large slime creature.
You block the large slime creature's attack.
You hit the large slime creature.
The large slime creature is almost dead.
The wall freezes the large slime creature.
The large slime creature hits you.
* * * LOW HITPOINT WARNING * * *
You puncture the large slime creature!
The large slime creature is almost dead.
You hit the large slime creature. You bite the large slime creature.
The large slime creature is almost dead.
The frozen ramparts melt away.
The large slime creature hits you!!
You die...

######## ### ##.......
....################........
.....(...(J@.)...##.........
#####..)#######.##..)......
♣.(J♣ #.##......... ♣.♣.♣
#.##z........ ♣ ♣(♣.♣ ♣
#.z.zZ[...... ♣.♣.♣)♣.♣
#..##........ ♣...†...♣
#.####....... ####.#### #.#
#####.## #.)...# #.# ##.#


You could see a large slime creature.

Vanquished Creatures
  A hydra (D:8)
  A two-headed ogre (D:8)
  A yak (D:5)
  A basilisk (D:8)
  A water moccasin (D:8)
  An ice beast (D:6)
  A black bear (D:5)
  2 ogres
  A centaur (D:7)
  A phantom (D:4)
  2 kobold brigands
  A bullfrog (D:6)
  6 scorpions
  A water moccasin skeleton (D:6)
  2 howler monkeys (D:8)
  A centaur zombie (D:5)
  2 hounds
  4 orc priests
  3 iguanas
  An orc wizard (D:8)
  6 adders
  A howler monkey skeleton (D:6)
  2 worms
  2 dart slugs
  17 orcs
  2 endoplasms (D:2)
  A giant cockroach (D:4)
  5 hobgoblins
  6 jackals (D:5)
  5 quokkas
  3 ball pythons
  A frilled lizard (D:1)
  6 goblins
  6 kobolds
  A rat (D:1)
98 creatures vanquished.

Vanquished Creatures (collateral kills)
  A cyclops (D:8)
  A sky beast (D:8)
2 creatures vanquished.

Vanquished Creatures (others)
  8 plants (D:8)
8 creatures vanquished.

Grand Total: 108 creatures vanquished

Notes
Turn   | Place    | Note
-------+----------+-------------------------------------------
     0 | D:1      | ipx the Vampire Ice Elementalist began the quest for the
                  | Orb.
     0 | D:1      | Reached XP level 1. HP: 13/13 MP: 3/3
    75 | D:1      | Found a faded altar of an unknown god.
   144 | D:1      | Reached XP level 2. HP: 18/19 MP: 0/5
   280 | D:1      | Reached skill level 5 in Ice Magic
   376 | D:2      | Gained mutation: You are afflicted with vampirism and can
                  | become a bat while bloodless. [Vampire growth]
   376 | D:2      | Reached XP level 3. HP: 24/24 MP: 4/6
   380 | D:2      | Learned a level 3 spell: Frozen Ramparts
   411 | D:2      | Learned a level 2 spell: Ensorcelled Hibernation
   602 | D:3      | Reached skill level 1 in Hexes
   640 | D:2      | Found Rathraol's Weapon Shop.
   680 | D:3      | Found Erorchif's Antique Weapon Shop.
   700 | D:3      | Found a sacrificial altar of Ru.
   739 | D:3      | Found Onwysug's Armour Emporium.
   932 | D:4      | Noticed a scorpion
   985 | D:4      | Killed a scorpion
   986 | D:4      | Reached XP level 4. HP: 9/30 MP: 3/7
   999 | D:4      | Noticed a scorpion
  1004 | D:4      | Killed a scorpion
  1005 | D:4      | Reached XP level 5. HP: 8/35 MP: 5/8
  1062 | D:4      | Found an iron altar of Okawaru.
  1097 | D:4      | Reached skill level 6 in Ice Magic
  1181 | D:5      | Entered Level 5 of the Dungeon
  1181 | D:5      | Noticed a phantom
  1189 | D:5      | Found a snail-covered altar of Cheibriados.
  1215 | D:5      | Found a hide-covered altar of Uskayaw.
  1216 | D:5      | Noticed a yak
  1232 | D:5      | Killed a yak
  1233 | D:5      | Reached skill level 1 in Short Blades
  1233 | D:5      | Reached skill level 1 in Shields
  1233 | D:5      | Reached XP level 6. HP: 19/41 MP: 2/9
  1237 | D:5      | Learned a level 3 spell: Ozocubu's Armour
  1241 | D:5      | Noticed a yak
  1337 | D:5      | Reached skill level 7 in Ice Magic
  1337 | D:5      | Reached XP level 7. HP: 38/46 MP: 0/10
  1407 | D:5      | Learned a level 1 spell: Apportation
  1753 | D:3      | Bought a runed rapier for 175 gold pieces
  1826 | D:4      | You fall into a shaft and drop 1 floor!
  1872 | D:4      | Reached skill level 8 in Ice Magic
  2093 | D:6      | Reached XP level 8. HP: 42/52 MP: 8/11
  2272 | D:7      | Found a shadowy altar of Dithmenos.
  2280 | D:7      | Became a worshipper of Dithmenos the Shadowed
  2330 | D:7      | Reached skill level 9 in Ice Magic
  2389 | D:8      | Noticed a centaur warrior
  2390 | D:8      | Noticed a troll
  2390 | D:8      | Noticed raph's ghost (novice MiGl)
  2399 | D:8      | Found a transporter.
  2402 | D:8      | Found a transporter.
  2468 | D:8      | Noticed a slime creature
  2488 | D:8      | Noticed a two-headed ogre
  2499 | D:8      | Killed a two-headed ogre
  2500 | D:8      | Reached skill level 10 in Ice Magic
  2500 | D:8      | Reached XP level 9. HP: 57/57 MP: 3/12
  2512 | D:8      | Noticed a cyclops
  2533 | D:8      | Killed a cyclops
  2568 | D:8      | Noticed a seven-headed hydra
  2577 | D:8      | Reached * piety under Dithmenos
  2580 | D:8      | Killed a seven-headed hydra
  2581 | D:8      | Reached skill level 11 in Ice Magic
  2627 | D:8      | Mangled by a large slime creature

Illustrated notes

Levels and vault maps discovered:
D:1:      wander_arrival_lonely_grave, layout_basic,
          hellmonk_ecumenical_altar_prayer_group
D:2:      layout_loops_ring, serial_shops, nicolae_shop_waterfront
D:3:      layout_loops_ring, lemuel_tele_altar, serial_shops, shop,
          nicolae_shop_stone, shop, nicolae_shop_overgrown_old_shop, shop,
          minmay_pentangle
D:4:      layout_basic, okawaru_metal_pillars_3, minmay_temple_entry_nine_rooms,
          serial_bayou, serial_bayou_shore_a, serial_bayou_pond_d,
          serial_bayou_pond_e, serial_bayou_ford_a, serial_bayou_pond_e,
          nicolae_underground_beach
D:5:      layout_basic, tso_altar, cheibriados_altar_1,
          grunt_temple_overflow_open, uniq_menkaure
D:6:      layout_loops_ring, uniq_maggie
D:7:      layout_gridville, nicolae_dithmenos_shadow_blocks, serial_shops,
          nicolae_shop_temple_entry_statues_fountains,
          minmay_unpleasant_kobolds, uniq_prince_ribbit1
D:8:      nzn_winding_woodlands_small [nzn_winding_woodlands_5x15_sidewinder,
          nzn_winding_woodlands_center_garden,
          nzn_winding_woodlands_5x15_jagged], layout_rooms,
          gammafunk_ghost_arena, minivault_4, minmay_strange_pillars

Skill      XL: |  1  2  3  4  5  6  7  8  9 |
---------------+----------------------------+-----
Ice Magic      | 5 6 7 8 10 11 | 11.5
Hexes          | 3 4 |  4.0
Short Blades   | 1 2 6 |  6.0
Shields        | 1 2 4 |  4.0
Stealth        | 4 |  4.0
Dodging        | 4 |  4.7
Spellcasting   | |  2.0

Action                   |  1- 3 |  4- 6 |  7- 9 || total
-------------------------+-------+-------+-------++-------
Melee: Unarmed           |     7 |       |       ||     7
       Dagger            |    14 |     8 |    24 ||    46
       Bite              |     2 |       |    16 ||    18
       Rapier            |       |       |    43 ||    43
       Short sword       |       |       |   103 ||   103
Throw: Dart              |     5 |    23 |    15 ||    43
       Javelin           |       |       |    19 ||    19
 Cast: Freeze            |    42 |     8 |    26 ||    76
       Ensorcelled Hiber |     6 |       |     6 ||    12
       Frozen Ramparts   |       |     4 |    15 ||    19
       Ozocubu's Armour  |       |     2 |     9 ||    11
Evoke: Wand              |       |       |     4 ||     4
  Use: Potion            |     1 |       |     1 ||     2
       Scroll            |       |     1 |     1 ||     2
 Stab: Sleeping          |     3 |       |     4 ||     7
       Invisible         |     1 |       |     5 ||     6
Armor: Robe              |     3 |       |    18 ||    21
       Leather armour    |       |       |    22 ||    22
Dodge: Dodged            |    23 |     7 |   117 ||   147
Block: Buckler           |       |       |    38 ||    38

Table legend: (Time is in decaauts)
 A = Elapsed time spent in this place.
 B = Non-inter-level travel time spent in this place.
 C = Inter-level travel time spent in this place.
 D = Time resting spent in this place.
 E = Time spent auto-exploring this place.
 F = Levels seen in this place.
 G = Mean time per level.
                   A        B        C        D        E       F      G
               +--------+--------+--------+--------+--------+-----+--------+
         Total |   2670 |   2624 |     46 |      0 |      0 |   8 |  333.8 |
       Dungeon |   2670 |   2624 |     46 |      0 |      0 |   8 |  333.8 |
               +--------+--------+--------+--------+--------+-----+--------+

Top non-repeatable levels by time:
     D:6: 474 daAuts
     D:4: 449 daAuts
     D:5: 423 daAuts
     D:2: 364 daAuts
     D:1: 310 daAuts
     D:3: 287 daAuts
     D:8: 266 daAuts
     D:7: 95 daAuts
